 Dungeon Crawl Stone Soup version 0.28.0-45-g0d030f2227 (webtiles) character file.

Game seed: 15834640774957953298

59 zeratav the Insei (level 4, 0/29 HPs)
             Began as an Octopode Transmuter on Apr 7, 2022.
             Succumbed to an adder's poison
             ... on level 3 of the Dungeon.
             The game lasted 00:08:47 (3045 turns).

zeratav the Insei (Octopode Transmuter)             Turns: 3045, Time: 00:08:47

Health: 0/29       AC:  1    Str: 11    XL:     4   Next: 3%
Magic:  6/7        EV: 13    Int: 15    God:
Gold:   65         SH:  0    Dex: 12    Spells: 6/7 levels left

rFire   . . .      SeeInvis .     - Unarmed
rCold   . . .      Faith    .   (no shield)
rNeg    . . .      Spirit   .   (helmet restricted)
rPois   .          Reflect  .   (no amulet)
rElec   .          Harm     .   (no ring)
rCorr   .          Rampage  .   (no ring)
Will    .....                   (no ring)
Stlth   ++........              (no ring)
HPRegen 0.09/turn               (no ring)
MPRegen 0.10/turn               (no ring)
                                (no ring)
                                (no ring)

@: lethally poisoned (0 -> -5)
A: almost no armour, amphibious, 8 rings, camouflage 1, gelatinous body 1,
(nimble swimmer 1), tentacles
a: no special abilities


You were on level 3 of the Dungeon.
You visited 1 branch of the dungeon, and saw 3 of its levels.

You collected 65 gold pieces.

Inventory:

Missiles
 e - 2 poisoned darts
Scrolls
 a - a scroll of immolation {unknown}
 d - a scroll of amnesia {unknown}
 f - a scroll of identify {unknown}
 g - a scroll of magic mapping {unknown}
 i - a scroll of vulnerability {unknown}
Potions
 b - a potion of resistance {unknown}
 c - a potion of curing {unknown}
 h - a potion of might {unknown}


   Skills:
 + Level 1.8 Fighting
 + Level 2.5 Dodging
 * Level 3.7 Unarmed Combat
 - Level 2.0 Spellcasting
 + Level 2.5 Transmutations


You had 6 spell levels left.
You knew the following spells:

 Your Spells              Type           Power      Damage    Failure   Level
a - Beastly Appendage     Tmut           18%        N/A       8%          1

Your spell library contained the following spells:

 Spells                   Type           Power      Damage    Failure   Level
 Wereblood                Tmut           9%         N/A       12%         2
 Animate Skeleton         Necr           2%         N/A       22%         1
 Apportation              Tloc           2%         N/A       22%         1
 Summon Small Mammal      Summ           4%         N/A       22%         1
 Spider Form              Tmut/Pois      5%         N/A       36%         3
 Ice Form                 Ice/Tmut       5%         N/A       78%         4


Dungeon Overview and Level Annotations

Branches:
Dungeon (3/15)

Altars:


Innate Abilities, Weirdness & Mutations

You cannot wear most types of armour.
You are amphibious.
You can wear up to eight rings at the same time.
Your skin changes colour to match your surroundings (Stealth+).
Your rubbery body absorbs attacks. (AC +1, EV +1)
((You are camouflaged when in or above water. (Stealth+)))
You have tentacles for arms and can constrict up to eight enemies at once.


Message History

One of your tentacles grows a vicious spike.
The ball python hisses angrily.
A gnoll comes into view. It is wielding a +0 club.
A gnoll comes into view. It is wielding a +0 halberd.
An adder comes into view.
Your transformation is almost over.
You tentacle-slap the gnoll but do no damage.
You grab the gnoll.
You pierce the gnoll, but do no damage.
You constrict the gnoll, but do no damage.
The gnoll closely misses you. The gnoll misses you.
The adder hisses angrily.
You tentacle-slap the gnoll.
The gnoll is moderately wounded.
You constrict the gnoll. The gnoll barely misses you.
The gnoll closely misses you.
You tentacle-slap the gnoll.
You pierce the gnoll.
The gnoll is almost dead.
You constrict the gnoll, but do no damage.
The gnoll barely misses you. The gnoll closely misses you.
The gnoll shouts!
You tentacle-slap the gnoll.
You kill the gnoll!
The gnoll hits you from afar with a +0 halberd!
Ouch! That really hurt!
You have reached level 4!
The adder closely misses you.
You barely miss the adder. Your grab misses the adder.
Your squeeze misses the adder. The adder bites you.
* * * LOW HITPOINT WARNING * * *
The gnoll misses you.
You closely miss the adder. Your grab misses the adder.
You pierce the adder.
The adder is moderately wounded.
The adder bites you.
* * * LOW HITPOINT WARNING * * *
Your tentacle spike disappears.
The adder bites you.
* * * LOW HITPOINT WARNING * * *
You are lethally poisoned!
The adder poisons you!
You die...

###...### #.... ..#
.# # #.#...#.# ###
.# .#
#.#...#g###.##.##.#
#.##..S......#....#
#.#####)###.##...
####.#####g###.##.#
....÷.....g.SgS...#
######.###.###.#@.#
#.###.###.#..#####.#
##
#.........#....>...#
.#
#####÷##..#.########
)# ####.#...#.#
.######..........#
#.##.......#.#####
##.#.......#.#
#.##.[.....#.###


You could see 3 gnolls, an adder and a ball python.

Vanquished Creatures
  A gnoll (D:3)
  An adder (D:3)
  An orc (D:3)
  4 ball pythons
  4 bats
  4 endoplasms
  4 goblins
  6 hobgoblins
  2 kobolds (D:1)
  3 quokkas (D:3)
  3 frilled lizards
  2 rats
35 creatures vanquished.

Vanquished Creatures (others)
  4 toadstools (D:1)
4 creatures vanquished.

Grand Total: 39 creatures vanquished

Notes
Turn   | Place    | Note
-------+----------+-------------------------------------------
     0 | D:1      | zeratav the Octopode Transmuter began the quest for the
                  | Orb.
     0 | D:1      | Reached XP level 1. HP: 13/13 MP: 3/3
   722 | D:1      | Reached XP level 2. HP: 18/18 MP: 3/5
  1613 | D:2      | Reached XP level 3. HP: 19/23 MP: 4/6
  1668 | D:2      | Identified the +3 short sword "Demonbane" {vamp, Int+3}
  1679 | D:2      | Found a faded altar of an unknown god.
  1741 | D:2      | Identified the +1 plate armour of Reason {rElec Str+4}
  3038 | D:3      | Reached XP level 4. HP: 9/29 MP: 5/7
  3044 | D:3      | HP: 1/29 [adder (2)]
  3045 | D:3      | Succumbed to an adder's poison

Illustrated notes

Levels and vault maps discovered:
D:1:      ldierk_water_garden, layout_basic
D:2:      layout_basic, chequers_ecumenical_altar_island
D:3:      layout_loops_cross, st_stairs_5

Action                   |  1- 3 |  4- 6 || total
-------------------------+-------+-------++-------
Melee: Unarmed           |    64 |     2 ||    66
       Constrict         |    17 |       ||    17
       Kick              |    18 |     1 ||    19
       Tentacles         |     9 |       ||     9
       Punch             |     2 |       ||     2
 Cast: Beastly Appendage |    25 |       ||    25
 Stab: Sleeping          |     7 |       ||     7
       Distracted        |     1 |       ||     1
Armor: Skin              |     3 |       ||     3
Dodge: Dodged            |    42 |     2 ||    44
